Map: World of Sleepers LE

Players

Mix

  • Race: Zerg Zerg
  • League: Master
  • Spawn Location: 7:00

SKillous - Winner!

  • Race: Protoss Protoss
  • League: Grandmaster
  • Spawn Location: 1:00

Event: NationWars 2019

VOD

Have the link to the VOD?

Description

Time

  • Played on: Oct. 1, 2019, 12:56 p.m.
  • Length: 4:31
Show
View Real Time Build Order
Export as new Build Order

Mix Zerg 

Build Orders: Pool First 

Get SALT Encoding   

  12  0:00  Drone  
  13  0:13  Overlord  
  13  0:18  Drone  
  14  0:32  Drone x2  
  16  0:37  Drone  
  16  0:41  Extractor  
  16  0:46  Drone  
  17  0:52  Spawning Pool  
  17  0:56  Drone  
  17  1:16  Hatchery  
  16  1:22  Drone  
  17  1:26  Drone  
  18  1:38  Queen  
  18  1:39  Zergling x2  
  21  1:46  Metabolic Boost  
  21  2:10  Drone  
  21  2:12  Roach Warren  
  21  2:13  Overlord  
  21  2:28  Overlord  
  21  2:54  Zergling x2, Roach  
  21  2:56  Roach x6  
  37  3:05  Roach  
  37  3:09  Zergling x2  
  38  3:18  Zergling x6  
  41  3:22  Zergling x4  
  41  3:27  Zergling x2  
  44  3:34  Overlord  
  44  3:43  Overlord  
  44  3:59  Zergling x4  
  44  4:00  Zergling x6  
  37  4:11  Zergling x2  
  37  4:12  Zergling x6  
  37  4:15  Ravager  
Show
View Real Time Build Order
Export as new Build Order

SKillous Protoss - Winner!

Build Orders: Oracle Opening 

Get SALT Encoding   

  12  0:00  Probe  
  13  0:12  Probe  
  14  0:20  Pylon  
  14  0:24  Probe  
  15  0:38  Probe (Chrono Boost)  
  15  0:40  Gateway  
  16  0:48  Probe (Chrono Boost), Assimilator  
  17  0:53  Probe (Chrono Boost)  
  18  1:05  Probe  
  19  1:17  Probe  
  20  1:25  Pylon  
  20  1:30  Probe  
  20  1:32  Cybernetics Core  
  21  1:34  Gateway  
  22  1:49  Nexus  
  22  1:51  Probe  
  22  1:59  Assimilator  
  22  2:03  Probe  
  22  2:06  Adept (Chrono Boost)  
  24  2:20  Probe  
  25  2:24  Stargate  
  25  2:26  Adept (Chrono Boost)  
  27  2:33  Pylon  
  27  2:34  Probe  
  28  2:39  Warp Gate  
  28  2:46  Probe  
  29  2:52  Gateway  
  29  3:00  Shield Battery  
  29  3:09  Void Ray (Chrono Boost)  
  33  3:20  Shield Battery  
  33  3:23  Probe  
  34  3:30  Stalker  
  34  3:31  Probe  
  37  3:36  Probe  
  38  3:42  Oracle (Chrono Boost)  
  41  3:49  Shield Battery  
  41  4:01  Shield Battery  
  39  4:03  Cybernetics Core  
  38  4:16  Pylon  
Tags
 
Add a new tag
Caveats
  • Supply blocks, unpowered buildings, or Contaminate may cause inaccurate times.
  • Supply counts are checked every 10 seconds.